 Dungeon Crawl Stone Soup version 0.28-a0-909-g796cbd3a86 (webtiles) character file.

Game seed: 11642617854137794048

8144 croobank the Cleaver (level 11, -4/89 HPs)
             Began as a Gnoll Cinder Acolyte on Nov 25, 2021.
             Was a Believer of Ignis.
             Slain by a water moccasin (6 damage)
             ... on level 9 of the Dungeon.
             The game lasted 01:29:37 (11144 turns).

croobank the Cleaver (Gnoll Cinder Acolyte)        Turns: 11144, Time: 01:29:38

Health: -4/89      AC: 17    Str: 19    XL:     11   Next: 26%
Magic:  21/21      EV: 13    Int: 15    God:    Ignis [**....]
Gold:   422        SH:  0    Dex: 12    Spells: 21/23 levels left

rFire   + . .      SeeInvis +   Q - +4 hand axe
rCold   . . .      Faith    .   (no shield)
rNeg    . . .      Spirit   .   h - +3 ring mail
rPois   .          Reflect  .   m - +0 helmet
rElec   .          Harm     .   C - +0 cloak
rCorr   .          Rampage  .   K - +1 pair of gloves of Dogmatism {Will+ SInv Stlth-}
Will    ++...                   W - +0 pair of boots
Stlth   +.........              c - amulet of magic regeneration
HPRegen 0.24/turn               L - ring of willpower
MPRegen 0.42/turn               p - +6 ring of strength

@: mighty, brilliant, lethally poisoned (-4 -> -7), about to teleport
A: fangs 1, strong nose, distributed training, iridescent scales 1, agile 1
a: Renounce Religion, Sea of Fire, Foxfire Swarm, Rising Flame


You were on level 9 of the Dungeon.
You worshipped Ignis.
Ignis was pleased with you.
You visited 1 branch of the dungeon, and saw 9 of its levels.
You also visited: Sewer.

You collected 422 gold pieces.

Inventory:

Hand Weapons
 a - a +1 demon whip of venom
 b - a +0 hand crossbow
 d - a +1 dagger of electrocution
 x - a +0 dagger of venom
 z - a -1 hand axe of flaming
 B - a +6 short sword of freezing
 I - the +4 glaive "Kaqoeji" {distort, Str+4}
   (You found it in a sewer)

   It warps and distorts space around it, and may blink, banish, or inflict
   extra damage upon those it strikes.
   Unwielding it can cause banishment or high damage.
   Str:       It affects your strength (+4).
 Q - a +4 hand axe (weapon)
 T - a +3 great sword
Missiles
 e - 7 poisoned darts (quivered)
 g - 255 stones
 E - 65 bolts
 U - a throwing net
 Z - 4 javelins
Armour
 h - a +3 ring mail (worn)
 m - a +0 helmet (worn)
 w - the +5 scale mail of Sif Muna's Displeasure {Rampage Str+4 Slay-4}
   (You found it on level 4 of the Dungeon)

   Str:       It affects your strength (+4).
   Slay:      It affects your accuracy & damage with ranged weapons and melee
   (-4).
   Rampage:   It bestows one free step when moving towards enemies.
 C - a +0 cloak (worn)
 K - the +1 pair of gloves of Dogmatism (worn) {Will+ SInv Stlth-}
   (You found it on level 5 of the Dungeon)

   SInv:      It lets you see invisible.
   Will:      It increases your willpower.
   Stlth:     It makes you less stealthy.
 N - +0 steam dragon scales
 W - a +0 pair of boots (worn)
Jewellery
 c - an amulet of magic regeneration (around neck)
 p - a +6 ring of strength (right hand)
 L - a ring of willpower (left hand)
 O - a ring of flight
Wands
 r - a wand of iceblast (8)
 v - a wand of polymorph (6)
 M - a wand of mindburst (14)
Scrolls
 o - a scroll of blinking {unknown}
 q - 2 scrolls of silence {unknown}
 s - 2 scrolls of noise {unknown}
 y - 2 scrolls of vulnerability
 A - a scroll of magic mapping {unknown}
 D - 2 scrolls of enchant weapon {unknown}
 P - a scroll of fog {unknown}
 R - a scroll of brand weapon {unknown}
 S - a scroll of immolation {unknown}
 V - 2 scrolls of enchant armour {unknown}
 Y - a scroll of summoning {unknown}
Potions
 i - 4 potions of brilliance
 j - 2 potions of flight
 k - 2 potions of lignification
 t - a potion of curing
 u - a potion of mutation
 F - 3 potions of cancellation
 G - 3 potions of magic
 H - a potion of haste
 J - a potion of invisibility {unknown}
 X - 2 potions of degeneration {unknown}


   Skills:
 + Level 9.1 Fighting
 + Level 6.1 Short Blades
 + Level 6.1 Long Blades
 + Level 9.1 Axes
 + Level 6.1 Maces & Flails
 + Level 6.1 Polearms
 + Level 6.1 Staves
 + Level 6.1 Slings
 + Level 6.1 Bows
 + Level 6.1 Crossbows
 + Level 6.1 Throwing
 + Level 6.1 Armour
 + Level 6.1 Dodging
 + Level 6.1 Stealth
 + Level 6.1 Shields
 + Level 6.1 Unarmed Combat
 + Level 6.8 Spellcasting
 + Level 5.0 Conjurations
 + Level 5.0 Hexes
 + Level 5.0 Summonings
 + Level 5.0 Necromancy
 + Level 5.0 Translocations
 + Level 5.0 Transmutations
 + Level 7.5 Fire Magic
 + Level 5.0 Ice Magic
 + Level 5.0 Air Magic
 + Level 5.0 Earth Magic
 + Level 5.0 Poison Magic
 + Level 6.7 Invocations
 + Level 6.1 Evocations


You had 21 spell levels left.
You knew the following spells:

 Your Spells              Type           Power      Damage    Failure   Level
a - Scorch                Fire           82%        2d9       1%          2

Your spell library contained the following spells:

 Spells                   Type           Power      Damage    Failure   Level


Dungeon Overview and Level Annotations

Branches:
Dungeon (9/15)             Temple (0/1) D:4            Lair (0/6) D:9
  Sewer (visited)
    Orc: D:9-12

Altars:
Cheibriados
Gozag
Nemelex Xobeh
Okawaru
Sif Muna
Yredelemnul

Shops:
D:2 [[   D:3 [


Innate Abilities, Weirdness & Mutations

You have very sharp teeth.
Your uncanny sense of smell can sniff out nearby items.
Your experience applies equally to all skills.
You are partially covered in iridescent scales. (AC +2)
You are agile. (Dex +2)


Message History

The two-headed ogre hits you with a +0 giant club!
The two-headed ogre barely misses you. The water moccasin barely misses you.
You closely miss the two-headed ogre. You closely miss the water moccasin.
You feel very sick.
The water moccasin bites you but does no damage.
The two-headed ogre hits you with a +0 giant club.
The two-headed ogre closely misses you.
You barely miss the two-headed ogre. You barely miss the water moccasin.
You feel very sick. The water moccasin closely misses you.
You slash the two-headed ogre!
The two-headed ogre is lightly wounded.
You barely miss the water moccasin.
You feel sick. The water moccasin closely misses you.
The two-headed ogre hits you with a +0 giant club!!
The two-headed ogre completely misses you.
You slash the two-headed ogre!
The two-headed ogre is moderately wounded.
You hit the water moccasin but do no damage.
You feel sick. The water moccasin bites you.
The two-headed ogre hits you with a +0 giant club!!
* * * LOW HITPOINT WARNING * * *
The two-headed ogre hits you with a +0 dire flail.
* * * LOW HITPOINT WARNING * * *
As you read the scroll of teleportation, it crumbles to dust.
You feel strangely unstable.
You feel sick.
The water moccasin is no longer more vulnerable to fire.
The water moccasin bites you but does no damage.
The water moccasin barely misses you.
You slash the two-headed ogre! You bite the two-headed ogre!
The two-headed ogre is almost dead.
You hit the water moccasin.
You feel sick.
The two-headed ogre hits you with a +0 giant club!
* * * LOW HITPOINT WARNING * * *
The two-headed ogre closely misses you.
The water moccasin bites you but does no damage.
Okay, then.
* * * LOW HITPOINT WARNING * * *
You feel sick. The water moccasin bites you.
You die...

###.### #.#
#....#....... #
#...# ##.#
#.......(....
#.#.###..#
#.....(.(....
###.#.##...######
#.....(......
....#[..........#
#....O.......
..###.##...####.#
#.[.)(.^.....
#...†.###.## #.#
#.#÷)........
#####.# #.#
#S####.#÷#........
#.# #.##
#<@....#.##.......
#.###..####O####.#.#
####)..
#...........# #....#
##. #.####.####.#
#..### #.# #<# #.#
#..# #.# #.# #.#
#..# #.####.####.#
#..# #>..........#
#..# #######
#####...##### #..##
#......


You could see a two-headed ogre and a water moccasin.

Vanquished Creatures
  2 two-headed ogres (D:9)
  An ugly thing (D:9)
  Grinder (D:4)
  2 hornets
  A shadow (D:9)
  A wraith (D:9)
  11 yaks
  3 steam dragons
  5 water moccasins
  3 black bears
  2 sky beasts
  A necrophage (D:4)
  An ogre (D:6)
  A centaur (D:6)
  2 kobold brigands
  6 bullfrogs
  2 scorpions
  A water moccasin skeleton (D:5)
  8 wights (D:8)
  4 howler monkeys (D:9)
  A bullfrog zombie (D:5)
  4 centaur zombies
  7 orc priests
  2 hounds
  3 centaur skeletons
  A gnoll shaman (D:7)
  Jessica (D:2)
  Natasha (thrice) (D:2)
  4 orc wizards
  Terence (D:3)
  A howler monkey zombie (D:5)
  3 gnolls (D:7)
  10 adders
  4 river rats
  2 ufetubi (D:6)
  3 worms
  2 dart slugs (D:1)
  20 orcs
  4 bats
  3 endoplasms
  3 giant cockroaches
  7 goblins
  6 hobgoblins
  6 quokkas
  8 ball pythons
  7 frilled lizards
  29 kobolds
  27 rats
230 creatures vanquished.

Vanquished Creatures (others)
  76 foxfires
  58 fungi (D:9)
  46 plants (D:9)
180 creatures vanquished.

Grand Total: 410 creatures vanquished

Notes
Turn   | Place    | Note
-------+----------+-------------------------------------------
     0 | D:1      | croobank the Gnoll Cinder Acolyte began the quest for the
                  | Orb.
     0 | D:1      | Reached XP level 1. HP: 23/23 MP: 4/4
   245 | D:1      | Reached XP level 2. HP: 27/29 MP: 5/5
   468 | D:1      | Found a faded altar of an unknown god.
   770 | D:2      | Noticed Jessica
  1001 | D:2      | Found Xeacveodgh's Armour Shoppe.
  1001 | D:2      | Noticed Natasha
  1010 | D:2      | Killed Natasha
  1011 | D:2      | Reached skill level 1 in Invocations
  1011 | D:2      | Reached XP level 3. HP: 20/35 MP: 7/7
  1158 | D:2      | Found Teyp's Armour Shop.
  1220 | D:2      | Reached skill level 1 in Short Blades
  1220 | D:2      | Reached skill level 1 in Long Blades
  1220 | D:2      | Reached skill level 1 in Maces & Flails
  1220 | D:2      | Reached skill level 1 in Polearms
  1220 | D:2      | Reached skill level 1 in Staves
  1220 | D:2      | Reached skill level 1 in Slings
  1220 | D:2      | Reached skill level 1 in Bows
  1220 | D:2      | Reached skill level 1 in Crossbows
  1220 | D:2      | Reached skill level 1 in Throwing
  1220 | D:2      | Reached skill level 1 in Armour
  1220 | D:2      | Reached skill level 1 in Dodging
  1220 | D:2      | Reached skill level 1 in Stealth
  1220 | D:2      | Reached skill level 1 in Shields
  1220 | D:2      | Reached skill level 1 in Unarmed Combat
  1220 | D:2      | Reached skill level 1 in Evocations
  1220 | D:2      | Reached XP level 4. HP: 29/41 MP: 8/8
  1220 | D:2      | Killed Jessica
  1420 | D:2      | Learned a level 2 spell: Scorch
  1452 | D:2      | Noticed a scorpion
  1462 | D:2      | Gained mutation: You are agile. (Dex +2) [potion of
                  | mutation]
  1462 | D:2      | Gained mutation: You are partially covered in iridescent
                  | scales. (AC +2) [potion of mutation]
  1469 | D:2      | Killed a scorpion
  1470 | D:2      | Reached skill level 1 in Conjurations
  1470 | D:2      | Reached skill level 1 in Hexes
  1470 | D:2      | Reached skill level 1 in Summonings
  1470 | D:2      | Reached skill level 1 in Necromancy
  1470 | D:2      | Reached skill level 1 in Translocations
  1470 | D:2      | Reached skill level 1 in Transmutations
  1470 | D:2      | Reached skill level 1 in Ice Magic
  1470 | D:2      | Reached skill level 1 in Air Magic
  1470 | D:2      | Reached skill level 1 in Earth Magic
  1470 | D:2      | Reached skill level 1 in Poison Magic
  1470 | D:2      | Reached XP level 5. HP: 10/47 MP: 6/9
  1924 | D:2      | Noticed Natasha
  1933 | D:2      | Killed Natasha
  2261 | D:2      | Noticed Natasha
  2267 | D:2      | Killed Natasha
  2490 | D:3      | Noticed Terence
  2492 | D:3      | Killed Terence
  2493 | D:3      | Reached XP level 6. HP: 53/53 MP: 5/10
  2921 | D:3      | Found Teav's Antique Armour Boutique.
  3119 | D:3      | Noticed a black bear
  3124 | D:3      | Killed a black bear
  3284 | D:4      | Identified the +5 scale mail of Sif Muna's Displeasure
                  | {Rampage Str+4 Slay-4}
  3421 | D:4      | Noticed a necrophage
  3430 | D:4      | Killed a necrophage
  3431 | D:4      | Reached XP level 7. HP: 59/59 MP: 2/12
  3547 | D:4      | Found a staircase to the Ecumenical Temple.
  3706 | D:4      | Found a glowing drain.
  3722 | Sewer    | Entered a sewer
  4086 | Sewer    | Identified the +4 glaive "Kaqoeji" {distort, Str+4}
  4571 | D:4      | Found a sparkling altar of Nemelex Xobeh.
  4643 | D:4      | Noticed Grinder
  4650 | D:4      | Killed Grinder
  4651 | D:4      | Reached XP level 8. HP: 67/67 MP: 10/14
  4798 | D:5      | Entered Level 5 of the Dungeon
  5138 | D:5      | Found a large runed translucent door.
  5138 | D:5      | Found a large runed translucent door.
  5141 | D:5      | Identified the +1 pair of gloves of Dogmatism {Will+ SInv
                  | Stlth-}
  5271 | D:5      | Found an iron altar of Okawaru.
  5280 | D:5      | Found a basalt altar of Yredelemnul.
  5316 | D:5      | Noticed a yak
  5316 | D:5      | Noticed a yak
  5316 | D:5      | Noticed a yak
  5331 | D:5      | Killed a yak
  5663 | D:5      | Reached XP level 9. HP: 72/72 MP: 10/16
  5928 | D:4      | Reached skill level 5 in Spellcasting
  6494 | D:6      | Reached skill level 5 in Invocations
  7057 | D:7      | Noticed a hornet
  7071 | D:7      | Killed a hornet
  7072 | D:7      | Reached XP level 10. HP: 22/80 MP: 11/18
  7695 | D:7      | Reached skill level 5 in Short Blades
  7695 | D:7      | Reached skill level 5 in Long Blades
  7695 | D:7      | Reached skill level 5 in Maces & Flails
  7695 | D:7      | Reached skill level 5 in Polearms
  7695 | D:7      | Reached skill level 5 in Staves
  7695 | D:7      | Reached skill level 5 in Slings
  7695 | D:7      | Reached skill level 5 in Bows
  7695 | D:7      | Reached skill level 5 in Crossbows
  7695 | D:7      | Reached skill level 5 in Throwing
  7695 | D:7      | Reached skill level 5 in Armour
  7695 | D:7      | Reached skill level 5 in Dodging
  7695 | D:7      | Reached skill level 5 in Stealth
  7695 | D:7      | Reached skill level 5 in Shields
  7695 | D:7      | Reached skill level 5 in Unarmed Combat
  7695 | D:7      | Reached skill level 5 in Evocations
  8098 | D:7      | Found a shimmering blue altar of Sif Muna.
  9055 | D:8      | Found an opulent altar of Gozag.
  9202 | D:8      | Paralysed by a hornet for 2 turns
  9856 | D:9      | Noticed a two-headed ogre
  9861 | D:9      | Killed a two-headed ogre
 10017 | D:9      | Noticed a brown ugly thing
 10026 | D:9      | Killed a brown ugly thing
 10198 | D:9      | Reached XP level 11. HP: 72/87 MP: 3/20
 10394 | D:9      | Found a snail-covered altar of Cheibriados.
 10512 | D:9      | Noticed a two-headed ogre
 10527 | D:9      | Found a staircase to the Lair.
 10809 | D:9      | Reached skill level 5 in Conjurations
 10809 | D:9      | Reached skill level 5 in Hexes
 10809 | D:9      | Reached skill level 5 in Summonings
 10809 | D:9      | Reached skill level 5 in Necromancy
 10809 | D:9      | Reached skill level 5 in Translocations
 10809 | D:9      | Reached skill level 5 in Transmutations
 10809 | D:9      | Reached skill level 5 in Ice Magic
 10809 | D:9      | Reached skill level 5 in Air Magic
 10809 | D:9      | Reached skill level 5 in Earth Magic
 10809 | D:9      | Reached skill level 5 in Poison Magic
 10822 | D:9      | Killed a two-headed ogre
 10826 | D:9      | Noticed a two-headed ogre
 11143 | D:9      | HP: 3/89 [two-headed ogre (12)]
 11144 | D:9      | Slain by a water moccasin

Illustrated notes

Levels and vault maps discovered:
D:1:      minmay_arrival_up_and_down, layout_basic,
          shapermc_ecumenical_altar_acropolis
D:2:      layout_loops_ring, serial_shops, nicolae_shop_trees, shop,
          uniq_jessica, uniq_natasha
D:3:      kb_forest_paths, layout_loops_cross, serial_shops, shop, uniq_terence
D:4:      layout_basic, nemelex_altar_shiori, minmay_temple_entry_ruins,
          nicolae_ossuary_entry_plus, portal_sewer_entry_e, uniq_grinder
D:5:      layout_cave_pools, jmf_multi_god_temple2, minivault_4,
          serial_park_tiny_pond, nicolae_concentric_dashed_squares_mild
D:6:      layout_cave_pools
D:7:      layout_loops_ring, mainiacjoe_overflow_24_doors, feat_on_display
D:8:      layout_cave_pools, lemuel_coloured_pillars_altar
D:9:      layout_loops_ring, nicolae_overflow_crystal_walls,
          due_lair_maze_entry_diamond, lemuel_flamethrower_2

Skill      XL: |  1  2  3  4  5  6  7  8  9 10 11 |
---------------+----------------------------------+-----
Invocations    | 1 2 3 4 5 6 |  6.7
Short Blades   | 1 2 3 4 5 6 |  6.1
Long Blades    | 1 2 3 4 5 6 |  6.1
Maces & Flails | 1 2 3 4 5 6 |  6.1
Polearms       | 1 2 3 4 5 6 |  6.1
Staves         | 1 2 3 4 5 6 |  6.1
Slings         | 1 2 3 4 5 6 |  6.1
Bows           | 1 2 3 4 5 6 |  6.1
Crossbows      | 1 2 3 4 5 6 |  6.1
Throwing       | 1 2 3 4 5 6 |  6.1
Armour         | 1 2 3 4 5 6 |  6.1
Dodging        | 1 2 3 4 5 6 |  6.1
Stealth        | 1 2 3 4 5 6 |  6.1
Shields        | 1 2 3 4 5 6 |  6.1
Unarmed Combat | 1 2 3 4 5 6 |  6.1
Evocations     | 1 2 3 4 5 6 |  6.1
Spellcasting   | 3 4 5 6 |  6.8
Conjurations   | 1 2 3 4 5 |  5.0
Hexes          | 1 2 3 4 5 |  5.0
Summonings     | 1 2 3 4 5 |  5.0
Necromancy     | 1 2 3 4 5 |  5.0
Translocations | 1 2 3 4 5 |  5.0
Transmutations | 1 2 3 4 5 |  5.0
Ice Magic      | 1 2 3 4 5 |  5.0
Air Magic      | 1 2 3 4 5 |  5.0
Earth Magic    | 1 2 3 4 5 |  5.0
Poison Magic   | 1 2 3 4 5 |  5.0
Fighting       | 7 8 9 |  9.1
Axes           | 7 8 9 |  9.1
Fire Magic     | 6 7 |  7.5

Action                   |  1- 3 |  4- 6 |  7- 9 | 10-12 || total
-------------------------+-------+-------+-------+-------++-------
Melee: Hand axe          |    82 |    42 |       |    89 ||   213
       Bite              |     8 |     1 |    15 |    16 ||    40
       Flail             |       |     1 |       |       ||     1
       Demon whip        |       |       |    27 |    13 ||    40
       Short sword       |       |       |   115 |       ||   115
       Punch             |       |       |     1 |     2 ||     3
 Fire: Hunting sling     |       |     2 |       |       ||     2
       Hand crossbow     |       |       |       |     1 ||     1
Throw: Dart              |       |     7 |     3 |    23 ||    33
 Cast: Scorch            |       |    46 |   119 |   160 ||   325
Invok: Foxfire Swarm     |     2 |       |     4 |       ||     6
       Sea of Fire       |       |     1 |       |       ||     1
Evoke: Wand              |       |       |       |     2 ||     2
  Use: Scroll            |     2 |     2 |     2 |     8 ||    14
       Potion            |       |     2 |     6 |     6 ||    14
Armor: Robe              |     7 |       |       |       ||     7
       Ring mail         |    21 |    18 |   100 |    76 ||   215
       Skin              |       |       |    10 |       ||    10
Dodge: Dodged            |    42 |    20 |   118 |   113 ||   293

Table legend: (Time is in decaauts)
 A = Elapsed time spent in this place.
 B = Non-inter-level travel time spent in this place.
 C = Inter-level travel time spent in this place.
 D = Time resting spent in this place.
 E = Time spent auto-exploring this place.
 F = Levels seen in this place.
 G = Mean time per level.
                   A        B        C        D        E       F      G
               +--------+--------+--------+--------+--------+-----+--------+
         Total |  11097 |  10848 |    249 |   3768 |   4870 |  10 | 1109.7 |
       Dungeon |  10305 |  10056 |    249 |   3623 |   4439 |   9 | 1145.0 |
         Sewer |    792 |    792 |      0 |    145 |    431 |   1 |  792.0 |
               +--------+--------+--------+--------+--------+-----+--------+

Top non-repeatable levels by time:
     D:2: 1696 daAuts
     D:8: 1629 daAuts
     D:5: 1408 daAuts
     D:9: 1244 daAuts
     D:7: 1167 daAuts
     D:4: 987 daAuts
     D:3: 827 daAuts
   Sewer: 792 daAuts
     D:1: 736 daAuts
     D:6: 606 daAuts
